 Dungeon Crawl Stone Soup version bcrawl-1.17.3 (webtiles) character file.

Game seed: 3492135495761131149

12632 Chiseanne the Protected (level 11, -2/75 HPs)
             Began as a Mummy Archaeologist on Oct 24, 2019.
             Was an Initiate of Gozag.
             Slain by a two-headed ogre
             ... wielding a +0 giant club
              (8 damage)
             ... on level 11 of the Dungeon.
             The game lasted 00:21:27 (12627 turns).

Chiseanne the Protected (Mummy Archaeologist)      Turns: 12627, Time: 00:21:28

Health: -2/75      AC: 20    Str: 15    XL:     11   Next: 65%
Magic:  23/24      EV: 12    Int: 17    God:    Gozag
Gold:   95         SH:  0    Dex: 10    Spells: 22/28 levels left

rFire    . . .     SeeInvis .   a - +8 lance "Wyrmbane" {slay drac, rPois rF+ rC+ AC+3}
rCold    + + .     Gourm    .   (no shield)
rNeg     + + +     Faith    .   k - +1 ring mail
rPois    ∞         Spirit   .   c - +1 hat
rElec    +         Reflect  .   h - +2 cloak
rCorr    .         Harm     .   p - +0 pair of gloves {archery}
MR       +....     Clarity  +   d - +1 pair of boots
Stlth    +.........             (no amulet)
HPRegen  0.22/turn              j - ring of wizardry
MPRegen  0.19/turn              e - ring of insulation

@: gold aura
A: no food or potions, fire vulnerability, clarity, cold resistance 1, negative
energy resistance 3, torment resistance, unbreathing
a: Potion Petition, Call Merchant, Bribe Branch, Renounce Religion


You were on level 11 of the Dungeon.
You worshipped Gozag.
Gozag was noncommittal.
You were not hungry.

You visited 2 branches of the dungeon, and saw 12 of its levels.

You collected 1733 gold pieces.
You spent 279 gold pieces at shops.
You paid 1359 gold pieces to Gozag.

Inventory:

Hand Weapons
 a - the +8 lance "Wyrmbane" (weapon) {slay drac, rPois rF+ rC+ AC+3}

   It affects your AC (+3).
   It protects you from fire.
   It protects you from cold.
   It protects you from poison.
 q - the +9 staff of Olgreb {rPois}
   (You found it on level 5 of the Dungeon)

   It protects you from poison.
 w - a +1 blowgun
Missiles
 f - 1543 arrows
 g - 775 bolts
 i - 2045 stones (quivered)
 o - 658 poisoned needles
 r - 133 sling bullets
 u - 204 tomahawks
Armour
 c - a +1 hat (worn)
 d - a +1 pair of boots (worn)
 h - a +2 cloak (worn)
 k - a +1 ring mail (worn)
 p - a +0 pair of gloves of archery (worn)
Jewellery
 e - a ring of insulation (right hand)
 j - a ring of wizardry (left hand)
Wands
 s - a wand of scattershot (3)
 t - a wand of disintegration (2)
 x - a wand of flame (20)
Scrolls
 b - 5 scrolls of teleportation
 l - 11 scrolls of identify
 m - 9 scrolls of remove curse
 n - a scroll of magic mapping
 v - a scroll of immolation
 z - a scroll of fog


   Skills:
 - Level 3.2 Fighting
   Level 0.7 Maces & Flails
 - Level 10.7 Polearms
 - Level 11.3 Armour
 - Level 3.5 Dodging
 - Level 2.6 Stealth
 * Level 9.1 Spellcasting
 * Level 4.1 Conjurations
 - Level 2.7 Hexes
 - Level 1.6 Evocations


You had 22 spell levels left.
You knew the following spells:

 Your Spells              Type           Power        Failure   Level  Hunger
a - Dazzling Spray        Conj/Hex       ###...       4%          3    N/A
b - Confuse               Hex            ###.....     6%          3    N/A

Your spell library contained the following spells:

 Spells                   Type           Power        Failure   Level  Hunger
 Throw Frost              Conj/Ice       ##....       4%          2    N/A
 Freeze                   Ice            #.....       6%          1    N/A
 Ozocubu's Armour         Chrm/Ice       #.......     19%         3    N/A
 Throw Icicle             Conj/Ice       ##......     26%         4    N/A
 Yara's Violent Unravell  Hex/Tmut       ##........   32%         4    N/A
 Petrify                  Tmut/Erth      #.......     50%         4    N/A
 Summon Ice Beast         Ice/Summ       #.......     50%         4    N/A
 Metabolic Englaciation   Hex/Ice        ##........   65%         5    N/A
 Mana Rupture             Conj/Hex       ###.......   100%        7    N/A

Dungeon Overview and Level Annotations

Branches:
Dungeon (11/12)            Temple (1/1) D:7            Lair (0/6) D:9
    Orc (0/1) D:9
 Vaults: D:11-12

Altars:
Cheibriados
Fedhas
Gozag
Hepliaklqana
Lugonu
Makhleb
Sif Muna
Vehumet
Wu Jian
Xom
The Shining One

Shops:
D:8 [==   D:10 *

Annotations:
D:5 1 runed door


Innate Abilities, Weirdness & Mutations

You do not eat or drink.
Your flesh is vulnerable to fire.
You are immune to poison.
You possess an exceptional clarity of mind.
Your flesh is cold resistant. (rC+)
You are immune to negative energy. (rN+++)
You are immune to unholy pain and torment.
You can survive without breathing.


Message History

You are too injured to fight recklessly!
You are too injured to fight recklessly!
You are too injured to fight recklessly!
You are too injured to fight recklessly!
You are too injured to fight recklessly!
You are too injured to fight recklessly!
A two-headed ogre and an ogre mage come into view.
The ogre mage is wielding a +0 whip of pain.
The ogre mage shouts!
The shadow imp shouts!
A centaur warrior skeleton comes into view.
A skeletal warrior comes into view. It is wielding a +0 trident.
The centaur warrior shoots an arrow.
The arrow hits you!
* * * LOW HITPOINT WARNING * * *
The hellwing hits you but does no damage. x2
You see here 13 gold pieces.
The ogre mage casts a spell at the two-headed ogre.
The two-headed ogre seems to speed up.
The two-headed ogre hits you with a +0 giant club!
You die...
Your body crumbles into a pile of gold.

# # #. . $ $ K
#. ##z $ #
#.#..#.# .#
##.#.5#.##..#
...5.K5.@Z#
##.#.O#O########
.....KK4.......#
...............#
##.#..#.#####..#
$ ..........#
#..#
##O#..#.##..#..#
#O#..#c# .#..# $
. #..##. $ #..#


You could see a centaur warrior, 3 two-headed ogres, an ogre mage, a hellwing, a
kobold demonologist, 3 shadow imps, 2 kobolds and a centaur warrior skeleton.

Vanquished Creatures
  A two-headed ogre (D:10)
  2 death yaks (D:9)
  2 centaur zombies
  3 trolls (D:9)
  3 slime creatures (D:10)
  2 hippogriffs
  Grum (D:8)
  A steam dragon (D:5)
  A hungry ghost (D:10)
  6 yaks
  2 water moccasins (D:5)
  5 soldier ants
  3 orc warriors
  7 ice beasts
  2 phantoms
  3 eyes of draining
  3 wolves
  7 ogres
  8 centaurs
  2 big kobolds (D:8)
  3 bullfrogs
  A wyvern zombie (D:9)
  2 scorpions
  A water moccasin skeleton (D:6)
  15 killer bees
  8 wights
  7 howler monkeys
  8 crimson imps
  3 jellies
  A hound (D:7)
  A bullfrog skeleton (D:6)
  An orc priest (D:9)
  3 centaur skeletons
  5 orc wizards
  Crazy Yiuf (D:6)
  2 iguanas
  10 worker ants
  A howler monkey zombie (D:8)
  A worker ant zombie (D:9)
  4 gnolls (D:4)
  17 adders
  3 shadow imps
  An ooze (D:1)
  An adder zombie (D:9)
  An adder skeleton (D:8)
  3 worms
  4 dart slugs
  5 leopard geckos
  24 orcs
  3 giant cockroaches
  11 hobgoblins
  3 jackals (D:5)
  24 kobolds
  4 quokkas
  3 ball pythons
  6 bats
  4 frilled lizards
  9 goblins
  A quokka skeleton (D:4)
  6 rats
275 creatures vanquished.

Vanquished Creatures (others)
  A plant (D:11)
1 creature vanquished.

Grand Total: 276 creatures vanquished

Notes
Turn   | Place    | Note
-------+----------+-------------------------------------------
     0 | D:1      | Chiseanne the Mummy Archaeologist began the quest for the
                  | Orb.
     0 | D:1      | Reached XP level 1. HP: 15/15 MP: 1/1
   340 | D:1      | Reached XP level 2. HP: 21/21 MP: 2/2
  1143 | D:1      | Reached XP level 3. HP: 27/27 MP: 3/3
  1274 | D:1      | Reached skill level 1 in Polearms
  1564 | D:2      | Found a blossoming altar of Fedhas.
  2103 | D:2      | Reached XP level 4. HP: 33/33 MP: 4/4
  2842 | D:3      | Noticed an ogre
  2868 | D:3      | Killed an ogre
  2868 | D:3      | Reached skill level 5 in Polearms
  2868 | D:3      | Reached XP level 5. HP: 5/38 MP: 5/5
  3440 | D:4      | Found a glowing golden altar of the Shining One.
  3490 | D:4      | Noticed an ogre
  3494 | D:5      | Entered Level 5 of the Dungeon
  3638 | D:5      | Noticed an ogre
  3649 | D:5      | Killed an ogre
  3649 | D:5      | Reached XP level 6. HP: 40/44 MP: 6/6
  3679 | D:5      | Found an ornate altar of the Wu Jian Council.
  3789 | D:5      | Noticed an ice beast
  3795 | D:5      | Killed an ice beast
  3881 | D:5      | Noticed an ice beast
  3891 | D:5      | Killed an ice beast
  3891 | D:5      | Reached XP level 7. HP: 38/50 MP: 7/7
  4701 | D:4      | Reached XP level 8. HP: 56/56 MP: 8/8
  4995 | D:5      | Found the +9 staff of Olgreb {rPois}
  4999 | D:5      | Found a runed door.
  5004 | D:5      | Found a runed gate.
  5005 | D:5      | Found a runed door.
  5017 | D:5      | Found a runed gate.
  5017 | D:5      | Found a runed gate.
  5104 | D:5      | Reached skill level 10 in Polearms
  5374 | D:5      | Reached XP level 9. HP: 46/61 MP: 9/9
  5597 | D:5      | Found a hazy altar of Hepliaklqana.
  5672 | D:5      | Reached skill level 1 in Spellcasting
  6067 | D:6      | Reached skill level 1 in Evocations
  6587 | D:6      | Reached skill level 1 in Armour
  6696 | D:6      | Reached skill level 3 in Armour
  6763 | D:6      | Reached skill level 4 in Armour
  6888 | D:6      | Found a runed door.
  7094 | D:6      | Noticed Crazy Yiuf
  7095 | D:6      | Killed Crazy Yiuf
  7170 | D:7      | Reached skill level 5 in Armour
  7282 | D:7      | Found a staircase to the Ecumenical Temple.
  7351 | Temple   | Entered the Ecumenical Temple
  7360 | Temple   | Became a worshipper of Gozag Ym Sagoz the Greedy
  7469 | D:7      | Reached skill level 6 in Armour
  7834 | D:7      | Reached skill level 7 in Armour
  7834 | D:7      | Reached XP level 10. HP: 59/70 MP: 13/13
  7974 | D:7      | Found a corrupted altar of Lugonu.
  8051 | D:8      | Reached skill level 8 in Armour
  8233 | D:8      | Noticed Grum
  8369 | D:8      | Reached skill level 9 in Armour
  8444 | D:8      | Found Watoxekk's Jewellery Boutique.
  8487 | D:8      | Reached skill level 10 in Armour
  8654 | D:8      | Killed Grum
  8663 | D:8      | Reached skill level 11 in Armour
  8701 | D:8      | Learned a level 3 spell: Confuse
  8888 | D:8      | Found a burning altar of Makhleb.
  9314 | D:9      | Reached skill level 1 in Hexes
  9535 | D:9      | Learned a level 3 spell: Dazzling Spray
  9557 | D:9      | Found a staircase to the Orcish Mines.
  9561 | D:9      | Reached XP level 11. HP: 73/75 MP: 18/18
  9596 | D:9      | Reached skill level 5 in Spellcasting
  9596 | D:9      | Reached skill level 1 in Conjurations
  9743 | D:9      | Noticed a death yak
 10390 | D:9      | Noticed a death yak
 10391 | D:9      | Noticed a death yak
 10417 | D:9      | Killed a death yak
 10667 | D:9      | Killed a death yak
 11095 | D:9      | Found a staircase to the Lair.
 11455 | D:10     | Entered Level 10 of the Dungeon
 11609 | D:10     | Found Zeyhel's Assorted Antiques.
 11614 | D:10     | Bought a scroll labeled HIASYG YMEA for 32 gold pieces
 11745 | D:10     | HP: 1/75 [slime creature (7)]
 12104 | D:8      | Bought a pair of embroidered gloves for 247 gold pieces
 12153 | D:10     | Noticed a two-headed ogre
 12181 | D:10     | Killed a two-headed ogre
 12616 | D:11     | Noticed a two-headed ogre
 12618 | D:11     | Noticed a two-headed ogre
 12621 | D:11     | Noticed a centaur warrior
 12626 | D:11     | Noticed an ogre mage
 12626 | D:11     | Noticed a two-headed ogre
 12626 | D:11     | Noticed a skeletal warrior
 12627 | D:11     | Slain by a two-headed ogre

Skill      XL: |  1  2  3  4  5  6  7  8  9 10 11 |
---------------+----------------------------------+-----
Fighting       | 2 3 |  3.2
Dodging        | 3 |  3.5
Polearms       | 2 5 6 7 8 10 | 10.7
Spellcasting   | 2 4 9 |  9.1
Evocations     | 1 |  1.6
Armour         | 7 11 | 11.3
Hexes          | 2 |  2.7
Conjurations   | 4 |  4.1
Maces & Flails | |  0.7
Stealth        | |  2.6

Action                   |  1- 3 |  4- 6 |  7- 9 | 10-12 || total
-------------------------+-------+-------+-------+-------++-------
Melee: Hand axe          |   187 |   105 |       |       ||   292
       Lance             |       |    22 |   376 |   584 ||   982
Throw: Stone             |       |     3 |       |       ||     3
 Cast: Confuse           |       |       |       |     7 ||     7
       Dazzling Spray    |       |       |       |     7 ||     7
Invok: Call Merchant     |       |       |       |     2 ||     2
Evoke: Wand              |       |       |     2 |     1 ||     3
  Use: Scroll            |     1 |     5 |       |    11 ||    17
 Stab: Sleeping          |     3 |       |     2 |     2 ||     7
       Distracted        |       |       |     1 |     1 ||     2
       Invisible         |       |       |       |     2 ||     2
Armor: Robe              |    40 |       |       |       ||    40
       Ring mail         |    42 |    39 |    85 |   158 ||   324
Dodge: Dodged            |   137 |    73 |   108 |   214 ||   532
